Map: Galactic Process LE

Players

MoNsTeR

  • Race: Protoss Protoss
  • League: Master
  • Spawn Location: 1:00

Amix

  • Race: Protoss Protoss
  • League: Platinum
  • Spawn Location: 7:00

IIIIIIIIIIII

  • Race: Zerg Zerg
  • League: Master

hinO

  • Race: Zerg Zerg
  • League: Master

VOD

Have the link to the VOD?

Description

Time

  • Played on: Nov. 16, 2016, 1:35 p.m.
  • Length: 5:12
Show
View Real Time Build Order
Export as new Build Order

MoNsTeR Protoss 

Build Orders: Cannon Rush 

Get SALT Encoding   

  12  0:01  Probe (Chrono Boost)  
  13  0:12  Probe (Chrono Boost)  
  14  0:17  Pylon  
  14  0:22  Probe (Chrono Boost)  
  16  0:35  Probe (Chrono Boost)  
  16  0:40  Forge  
  16  0:46  Probe (Chrono Boost)  
  17  0:56  Probe (Chrono Boost)  
  18  1:04  Pylon  
  18  1:07  Probe (Chrono Boost)  
  18  1:08  Pylon  
  19  1:23  Photon Cannon  
  19  1:27  Photon Cannon  
  19  1:37  Photon Cannon  
  19  1:43  Pylon  
  19  1:56  Photon Cannon  
  19  1:59  Photon Cannon  
  19  2:02  Pylon  
  17  2:16  Gateway  
  17  2:18  Photon Cannon  
  17  2:22  Pylon  
  17  2:26  Probe (Chrono Boost)  
  17  2:28  Assimilator  
  17  2:29  Assimilator  
  19  2:37  Probe (Chrono Boost)  
  19  2:47  Probe (Chrono Boost)  
  20  3:04  Probe (Chrono Boost)  
  21  3:13  Photon Cannon  
Show
View Real Time Build Order
Export as new Build Order

Amix Protoss 

Build Orders:  

Get SALT Encoding   

  12  0:01  Drone  
  13  0:23  Spawning Pool  
  13  0:25  Drone  
  13  0:30  Drone  
  13  0:35  Extractor  
  13  0:37  Drone  
  14  0:47  Overlord  
  14  1:05  Drone x2  
  14  1:08  Drone  
  17  1:16  Queen  
  19  1:20  Zergling x2  
  20  1:30  Zergling x2  
  21  1:41  Zergling x2  
  22  1:56  Overlord  
  22  1:57  Queen  
  21  2:02  Zergling x2  
  22  2:14  Zergling x2  
  23  2:18  Metabolic Boost  
  23  2:23  Zergling x2  
  23  2:26  Zergling x2  
  25  2:31  Zergling x2  
  25  2:35  Zergling x2  
  27  2:41  Zergling x2  
  28  2:50  Baneling Nest  
  27  2:59  Overlord  
  27  3:04  Zergling x2  
  26  3:09  Zergling x2  
  25  3:14  Zergling x2  
  27  3:20  Zergling x2  
  27  3:25  Zergling x2  
  28  3:31  Zergling x2  
  29  3:37  Zergling x2  
  29  3:41  Zergling x2  
  31  3:46  Zergling x2  
  32  3:52  Zergling x2  
  33  4:03  Zergling x2  
  33  4:09  Zergling x2  
  35  4:12  Zergling x4  
  37  4:18  Zergling x2  
  38  4:47  Overlord  
Show
View Real Time Build Order
Export as new Build Order

IIIIIIIIIIII Zerg 

Build Orders:  

Get SALT Encoding   

Show
View Real Time Build Order
Export as new Build Order

hinO Zerg 

Build Orders:  

Get SALT Encoding   

Tags
 
Add a new tag
Caveats
  • Supply blocks, unpowered buildings, or Contaminate may cause inaccurate times.
  • Supply counts are checked every 10 seconds.